Cogmind - Beta 17 @@@ ROGUE MODE // 2026.07.09 @ 23:48:12 Player: ChCbias Result: Destroyed by CC-JSA(R) with Subdweller Laser Performance ------------- Evolutions (0) 0 Regions Visited (1) 200 Robots Destroyed (15) 75 Value Destroyed (297) 297 Prototype IDs (2) 40 Alien Tech Used (0) 0 Bonus (0) 0 TOTAL SCORE: 612 Bonus ------- None Cogmind --------- Core Integrity 0/250 Matter 283/300 Energy 125/125 System Corruption 0% Temperature Warm (116) Movement Treading (240) Ox1 Location -10/Materials Parts ------- > --- POWER (1) -------- Light Ion Engine > --- PROPULSION (2) --- Light Treads > --- UTILITY (2) ------ Large Storage Unit > --- WEAPON (2) ------- Medium Laser Light Assault Rifle > --- INVENTORY (15) --- Light Treads Aluminum Leg Aluminum Leg Wheel Compact Wheel Heat Sink Medium Storage Unit Peak State ------------ > --- POWER ------------ Light Ion Engine > --- PROPULSION ------- Light Treads Light Treads > --- UTILITY ---------- Large Storage Unit Improved Terrain Scanner > --- WEAPON ----------- Small Laser Light Assault Rifle > --- INVENTORY -------- Light Ion Engine Light Treads Aluminum Leg Aluminum Leg Wheel Compact Wheel Small Storage Unit Medium Storage Unit High-capacity Storage Unit Medium Laser [Rating: 10] Favorites ----------- Power Light Ion Engine Engine Light Ion Engine Propulsion Light Treads Treads Light Treads Utility Improved Terrain Scanner Device Improved Terrain Scanner Storage Large Storage Unit Weapon Light Assault Rifle Energy Gun Small Laser Ballistic Gun Light Assault Rifle Build | -11 -10 ------- Run | Yrd Mat Slots Evolved . | . . Power . | . . Propulsion . | . . Utility . | . . Weapon . | . . Parts Attached 11 | 7 4 Power 2 | 1 1 Engine 2 | 1 1 Core . | . . Reactor . | . . Propulsion 2 | 2 . Treads 2 | 2 . Leg . | . . Wheel . | . . Hover . | . . Flight . | . . Utility 4 | 2 2 Device 1 | 1 . Storage 3 | 1 2 Processor . | . . Hackware . | . . Protection . | . . Artifact . | . . Weapon 3 | 2 1 Energy Gun 2 | 1 1 Energy Cannon . | . . Ballistic Gun 1 | 1 . Ballistic Cannon . | . . Launcher . | . . Special Weapon . | . . Impact Weapon . | . . Slashing Weapon . | . . Piercing Weapon . | . . Special Melee Weapon . | . . Unidentified Prototypes . | . . Parts Lost 4 | . 4 Power 1 | . 1 Propulsion 1 | . 1 Utility 1 | . 1 Weapon 1 | . 1 Highest Loss Streak 2 | . 2 To Critical Strikes . | . . Average Backups 7 | 3 7 Power . | . . Propulsion 4 | 2 4 Utility 1 | . 1 Weapon . | . . Tool/Special . | . . Unused Backups 7 | . 7 Power . | . . Propulsion 5 | . 5 Utility 2 | . 2 Weapon . | . . Tool/Special . | . . Average Slot Usage (%) 92 | . 92 Engine 13 | . 13 Treads 26 | . 26 Device 8 | . 8 Storage 14 | . 14 Energy Gun 13 | . 13 Ballistic Gun 14 | . 14 Peak Build Rating 10 | 9 10 Average Rating 7 | 4 7 On Entrance 4 | . 9 Avg Prop Armor Cover (%) . | . . Naked Turns . | . . Heaviest Build 26 | 11 26 Greatest Support 40 | 40 40 Greatest Overweight (x) . | . . Average Overweight (x) . | . . Largest Inventory Capacity 15 | 8 15 Average Capacity 11 | 7 12 Most Carried 10 | 6 10 Average Carried 7 | 3 7 Final Capacity 15 | 8 15 Final Carried 7 | 6 7 Class Distribution -------------------- 100% | Mutant Dominant Class ---------------- Mutant | -10/Materials Resources | -11 -10 ----------- Run | Yrd Mat Matter Collected 343 | 253 90 Remotely . | . . Salvage Created 390 | . 390 Parts 33 | 2 31 Haulers Intercepted 1 | . 1 Recyclers Shooed 1 | . 1 Parts Field Recycled . | . . Retrieved Matter . | . . Parts Self-Destructed . | . . Prevented . | . . Parts Restored . | . . Kills | -11 -10 ------- Run | Yrd Mat Combat Hostiles Destroyed 12 | . 12 Guns 12 | . 12 Classes Destroyed 6 | 1 5 Builder 1 | . 1 Tunneler 1 | 1 . Hauler 1 | . 1 Swarmer 6 | . 6 Grunt 5 | . 5 Subdweller 1 | . 1 Best Kill Streak 3 | 1 3 Combat Bots Only 3 | . 3 Max Kills in Single Turn 1 | 1 1 Gunslinging . | . . Exploded . | . . Melee . | . . Uniques/NPCs Destroyed . | . . Combat | -11 -10 -------- Run | Yrd Mat Hostile Shots Fired 81 | . 81 Missed 26 | . 26 Hits 55 | . 55 Projectile 55 | . 55 Damage Taken 783 | . 783 Core 254 | . 254 Absorbed by Shields . | . . Regen/Repaired (Parts) 97 | . 97 Core Remaining (%) 100 | 100 . Volleys Fired 58 | . 58 Largest 2 | . 2 Hottest 70 | . 70 Shots Fired 115 | . 115 Gun 115 | . 115 Cannon . | . . Launcher . | . . Special . | . . Kinetic 58 | . 58 Thermal 57 | . 57 Explosive . | . . Electromagnetic . | . . Robot Hit Streak 10 | . 10 Robot Miss Streak 3 | . 3 Penetration Max . | . . Secondary Targets 2 | . 2 Max Gunslinging Chain 1 | . 1 Shots Hit Robots 75 | . 75 Core Hits 27 | . 27 Critical Kills . | . . Critical Parts Destroyed . | . . Critical Strikes 1 | . 1 Burn 1 | . 1 Melee Attacks . | . . Impact . | . . Slashing . | . . Piercing . | . . Sneak Attacks . | . . Combat Hostiles . | . . Follow-up Attacks . | . . Damage Inflicted 718 | 2 716 Guns 716 | . 716 Cannons . | . . Explosions . | . . Melee . | . . Ramming 2 | 2 . Kinetic 289 | . 289 Thermal 427 | . 427 Explosive . | . . Electromagnetic . | . . Impact . | . . Slashing . | . . Piercing . | . . Highest Corruption . | . . Average Corruption . | . . Corruption Purged . | . . Corruption Blocked . | . . Overload Shots . | . . Overflow Damage . | . . Projectiles . | . . Explosions . | . . Melee . | . . Knockbacks . | . . Impact . | . . Kinetic . | . . Secondary . | . . Self-Inflicted Damage . | . . Shots . | . . Rammed . | . . Targets Rammed 1 | 1 . Kicked . | . . Crushed 1 | 1 . Highest Temperature 112 | . 112 Average Temperature 36 | . 36 Received Heat Transfer 165 | . 165 Siege Activations . | . . Martial Activations . | . . Shielding Activations . | . . Robots Disrupted . | . . Combat Hostiles . | . . Robots Corrupted . | . . Combat Hostiles . | . . Parts Fried . | . . Impact Corruptions . | . . Robots Melted . | . . Combat Hostiles . | . . Parts Melted 2 | . 2 Heat Transferred 1096 | . 1096 Parts Sabotaged . | . . Parts Stolen . | . . Parts Stripped . | . . Power Chain Reactions . | . . Alert | -11 -10 ------- Run | Yrd Mat Maximum Alert Level . | . . Low Security (%) 100 | 100 100 Level 1 . | . . Level 2 . | . . Level 3 . | . . Level 4 . | . . Level 5 . | . . High Security . | . . Max Security . | . . Peak Influence 107 | 5 107 Initial 3 | . 3 Average 43 | . 50 Influence Increases 325 | 5 320 Destroy 0b10 Robot/C 220 | . 220 Destroy 0b10 Robot/NC 15 | 5 10 Destroy Leader 42 | . 42 Successful Hack 18 | . 18 Lose Combat Pursuer 30 | . 30 Influence Decreases 320 | . 320 Entered New Map 2 | . 2 Time Decay 298 | . 298 Lost Part 20 | . 20 Squads Dispatched 2 | . 2 Investigation 1 | . 1 Extermination . | . . Reinforcement 1 | . 1 Assault . | . . Garrison . | . . Intercept . | . . Searches Triggered . | . . Construction Impeded . | . . Haulers Reinforced . | . . Active Scanning Responses . | . . Cargo Convoy Interrupts . | . . Stealth | -11 -10 --------- Run | Yrd Mat Distress Signals . | . . Communications Jammed . | . . Distress Signals . | . . Times Spotted 19 | . 19 Peak Tracking Total 3 | . 3 Tactical Retreats 2 | . 2 Traps | -11 -10 ------- Run | Yrd Mat Traps Triggered 3 | . 3 Indirectly . | . . Trap Hack Attempts . | . . Triggered . | . . Disarmed . | . . Reprogrammed . | . . Reused . | . . Traps Extracted . | . . Installed . | . . Triggered . | . . Machines | -11 -10 ---------- Run | Yrd Mat Machines Disabled . | . . Max in Single Turn . | . . Machines Repaired . | . . Machines Dismantled . | . . Machines Sabotaged . | . . Overloaded Fab Kills . | . . Hacking | -11 -10 --------- Run | Yrd Mat Machines Accessed 9 | . 9 Terminals 6 | . 6 Fabricators . | . . Repair Stations 1 | . 1 Recycling Units 2 | . 2 Scanalyzers . | . . Garrison Access . | . . Total Hacks 20 | . 20 Successful 11 | . 11 Failed 9 | . 9 Catastrophic 2 | . 2 Database Lockouts . | . . Manual 10 | . 10 Terminals 16 | . 16 Fabricators . | . . Repair Stations 2 | . 2 Recycling Units 2 | . 2 Scanalyzers . | . . Garrison Access . | . . Terminal Hacks 5 | . 5 Robot Analysis 1 | . 1 Prototype ID Bank 1 | . 1 Terminal Index 1 | . 1 Locate Traps 1 | . 1 Hauler Manifests 1 | . 1 Fabricator Hacks . | . . Repair Station Hacks 2 | . 2 Scan Component 1 | . 1 Repair 1 | . 1 Recycling Unit Hacks 2 | . 2 Report Inventory 2 | . 2 Scanalyzer . | . . Garrison Access Hacks . | . . Unauthorized Hacks 2 | . 2 Terminals 2 | . 2 Botnet 2 | . 2 Fabricators . | . . Repair Stations . | . . Recycling Units . | . . Scanalyzers . | . . Garrison Access . | . . Data Cores Recovered . | . . Used . | . . Hacking Detections 7 | . 7 Full Trace Events 1 | . 1 Feedback Events . | . . Feedback Blocked . | . . Robot Schematics Acquired . | . . Robots Built . | . . Authchips . | . . Time . | . . Total Robot Build Rating . | . . Part Schematics Acquired . | . . Parts Built . | . . Authchips . | . . Time . | . . Total Part Build Rating . | . . Part Studies Acquired . | . . Parts Repaired 1 | . 1 Time 26 | . 26 Parts Recycled . | . . Recycled Matter . | . . Retrieved Matter . | . . Retrieved Components . | . . Parts Scanalyzed . | . . Part Schematics Acquired . | . . Parts Damaged . | . . Bothacking | -11 -10 ------------ Run | Yrd Mat Used RIF Installer . | . . Robots Hacked . | . . Non-combat . | . . Combat . | . . Robot Hacks Applied . | . . Relay Couplers Released . | . . Fabnet Peak Effective % . | . . Robots Rewired . | . . Allies Hacked . | . . Hacks Repelled . | . . Allies | -11 -10 -------- Run | Yrd Mat Total Allies . | . . Largest Group . | . . Highest-Rated Group . | . . Highest-Rated Ally . | . . Total Orders . | . . Ally Attacks . | . . Total Damage . | . . Kills . | . . Allies Corrupted . | . . Allies Melted . | . . Intel | -11 -10 ------- Run | Yrd Mat Active Infowar (turns) 471 | 2 469 Terrain 471 | 2 469 Robot Analysis Total 1 | . 1 Derelict Logs Recovered . | . . Drone Launches . | . . Drone Recoveries . | . . Exploration | -11 -10 ------------- Run | Yrd Mat Turns Passed 899 | 131 768 Spaces Moved 414 | 74 340 Core 4 | 4 . Treads 410 | 70 340 Legs . | . . Wheels . | . . Hover . | . . Flight . | . . Fastest Speed 50 | 50 160 Average Speed 158 | 154 160 Slowest Speed 160 | 160 160 Overloaded Moves . | . . Propulsion Burnouts . | . . Robots Hopped . | . . Potential Cave-ins . | . . Cave-ins Triggered . | . . Exploration Rate (%) 34 | 5 64 Regions Visited 1 Branch Regions . Pre-discovered Areas . | . . Known Exits Taken . | . . Unknown Exits Taken 1 | 1 . Scrap Searched . | . . Spaces Dug . | . . Terrain Destroyed . | . . Melee . | . . Projectile . | . . AOE . | . . Terrain Rammed . | . . Walls Destroyed . | . . Machines Disabled . | . . Actions | -11 -10 --------- Run | Yrd Mat Total 547 | 87 460 Wait 52 | . 52 Move 413 | 73 340 Hop . | . . Pick Up 9 | 6 3 Fast Attach 8 | 7 1 Attach 2 | . 2 Detach . | . . Swap 2 | . 2 Drop 2 | . 2 Fire 58 | . 58 Melee . | . . Ram . | . . Kick . | . . Crush 1 | 1 . Escape Stasis . | . . Rewire . | . . Trap . | . . Miscellaneous . | . . Route ------- -11/Scrapyard -10/Materials (discovered 1 exit: [*Min]) History --------- Turn | Location | Event 5 | -11/Scrapyard | Discovered new exit (range 16) 132 | -11/Scrapyard | Entered Materials 303 | -10/Materials | Build established: Mutant 307 | -10/Materials | Discovered new exit (range 16) 632 | -10/Materials | Derelicts attacked the area 663 | -10/Materials | Repaired Lgt. Treads 877 | -10/Materials | Core integrity fell below 50% 886 | -10/Materials | Core integrity fell below 20% 900 | -10/Materials | Destroyed by CC-JSA(R) with Subdweller Laser Last Messages --------------- 00861_ Matter Pump disabled. 00862_ Triggered Alarm Trap. 00862_ An alarm sounds. 00862_ ALERT: Alarm triggered, dispatching investigation squad. 00863_ R-06 Scavenger destroyed. 00866_ U-05 Engineer lays Concrete. 00872_ U-05 Engineer destroyed. 00873_ Lgt. Treads destroyed. 00878_ Sml. Laser destroyed. 00886_ Sub. Monowheel melted. 00886_ 25-MD9(R) destroyed. 00886_ Switching to secondary target: CC-JSA(R). 00889_ U-05 Engineer lays Concrete. 00892_ U-05 Engineer builds a Wall. 00895_ U-05 Engineer destroyed. 00897_ R-06 Scavenger collects Visual Processing Unit. 00898_ CC-JSA(R) suffers critical hit (Burn). 00898_ U-05 Engineer lays Concrete. Map ----- +----------------------------------------------------+ | ???????????????????????? #????#?##???????????????? | | ???????????#?? ????????? #???#??????? ?? ? ????? | | ???????????# ???? ??#### #???????????????######### | | ???????????# ??????+ #???????#?????#?# # | | ???????????? ???? # #??????#???#????# # | | ?????????##?? ?????# ##?#???########## # | | ?????????#??? ?? ?# %+ + | | ?#????????????? ?? # ################## ! # | | ??#??????????###+#### ## ########## # | | ???????######## ## """ + + # | | ?????# ## "Y" ########## # | | ??????????#####![ ## #????##??# # | | ???????????#####+## ##! #??????#?# # | | ???????????# =%## ##!! [ ########## # | | ??????????## """ ## r#######"## ##+###### | | ???????????# """ ## % %* % % % | | ???#???#???# """ ## ! < | | ???#??##???# """ ## % % """ | | ????#??###?# ## % """ ##" "## # | | ???????????# """ ## %"" ##" |"| "## # | | ??????????## """ ## [=R !##"""""""##! !# | | ???????#???# """ ## [!%* ############!!!!## | | ???###?????# """ ## !*%"" #?? ? #???######? | | #????####### ## !%%" #?? #???#?????? | | ???#?# ###+#### =%%%" # #?????????? | | ?????# % *@! + #?????????? | | ?????# T !!= ! # ! #?????????? | | ??#??# *%! """ #?? #??#?????#? | | ??#??# #############^ """ ##########???????# | | ?????## #######??????# """ # #???????? | | ?#????# # ##??????# + #???????? | | ???#??# %#% #??"????+ u g# = #???????? | | ??????# *+ * ##??????# """ + ########? | | ?#????# *#[ #???????# """ ###+###### #? | | ???#?## # #???"???# """ ### ##???# """ #? | | ?????## # ""#??"????# #???# T" #? | | ????### # Y"#???????+ #???# """ #? | | ??????# # ""#???????# #???# #? | | ?###### # ##??"???########## #???# !#? | | # # ######???????# """ # ######+###### | | # """ # #????????????# "T" # | | # """ # #?#??????????# " " + | | # """ # #????????????# # | | # # #????#???????# ################## | | # """ + #?#??????????# """ #????????????????? | | # """ # # #??????????# """ #????????????????? | | # """ # #??????????# """ #????????????????? | | # # # #??????????# #????????????????? | | # # ###??????????##########????????????????? | | # # #??????????????????????????????????????? | +----------------------------------------------------+ Best States ------------- Heat Dissipation 25 Energy Generation 10 Energy Capacity 125 Matter Stores 300 Matter Capacity 300 Sight Range 16 Terrain Scan Range 16 Terrain Scan Density 10 Evasion (%) 40 Recoil Reduction 2 Item Schematics ----------------- None Robot Schematics ------------------ None Fabricated ------------ Nothing Repaired ---------- Lgt. Treads | 30% | -10/Materials Studied --------- None Alien Tech Used ----------------- None Achievements -------------- None Challenges ------------ None Game ------ Seed ChargeCoolingMonowheel Manual? 0 Play Time 00:09:10 Cumulative 40.0 hours Start 2026.07.09 @ 23:41:14 End 2026.07.09 @ 23:48:12 Sessions 1 Manual Loads 0 Difficulty Rogue Special Mode None Game No. 33 Rogue 33 Adventurer 0 Explorer 0 Win Type - Total 0 Types 0/0/0/0/0/0/0/0/0/0 Lore% 31 Gallery% 28 Achievement% 29 Wizard Run 0 Options --------- Layout 1 ASCII 0 Keyboard 0 Movement Mouse Keybinds 0 Fullscreen 1 Font 24/Smallcaps Map View 50x35 Zoom Use 0% Tactical HUD 1 Map Filters NONE Filters NONE Steam 1 RUN: 99fa04a9-d629-4a13-8566-d1de5afac298